 Dungeon Crawl Stone Soup version 0.26-a0-852-g6321bf7485 (webtiles) character file.

Game seed: 15351378945593556731

5993 Meejax the Carver (level 10, -5/74 HPs)
             Began as a Demonspawn Gladiator on Nov 22, 2020.
             Was a Believer of Sif Muna.
             Slain by a death yak (15 damage)
             ... on level 9 of the Dungeon.
             The game lasted 00:13:30 (9748 turns).

Meejax the Carver (Demonspawn Gladiator)            Turns: 9748, Time: 00:13:31

Health: -5/74      AC: 16    Str: 16    XL:     10   Next: 55%
Magic:  0/18       EV: 16    Int: 10    God:    Sif Muna [**....]
Gold:   588        SH:  0    Dex: 16    Spells: 13/20 levels left

rFire    . . .     SeeInvis .   a - +0 long sword
rCold    + . .     Faith    .   (no shield)
rNeg     . . .     Spirit   +   E - +0 steam dragon scales
rPois    +         Reflect  .   c - +2 helmet
rElec    .         Harm     .   l - +2 cloak
rCorr    .         Rampage  .   (no gloves)
MR       .....                  (no boots)
Stlth    ++........             v - amulet of magic regeneration
HPRegen  0.22/turn              H - ring of poison resistance
MPRegen  0.41/turn              (no ring)

@: no status effects
A: talons 2, icy blue scales 3, demonic guardian 1, magic shield
a: Channel Magic, Renounce Religion


You were on level 9 of the Dungeon.
You worshipped Sif Muna.
Sif Muna was pleased with you.
You visited 2 branches of the dungeon, and saw 11 of its levels.
You also visited: Sewer.

You collected 588 gold pieces.

Inventory:

Hand Weapons
 a - a +0 long sword (weapon)
 g - a +0 vampiric whip
Missiles
 q - 4 javelins (quivered)
 B - 11 boomerangs
 I - 15 poisoned darts
Armour
 b - a +0 leather armour
 c - a +2 helmet (worn)
 l - a +2 cloak (worn)
 E - +0 steam dragon scales (worn)
Jewellery
 j - a -4 ring of dexterity
 n - an uncursed ring of teleportation
 v - an amulet of magic regeneration (around neck)
 w - a -4 ring of dexterity
 H - a ring of poison resistance (left hand)
Scrolls
 f - a scroll of noise
 h - a scroll of torment {unknown}
 i - 4 scrolls of amnesia
 o - a scroll of magic mapping
 r - 2 scrolls of identify
 t - 5 scrolls of teleportation
 y - 4 scrolls of enchant armour
 A - a scroll of remove curse
 C - a scroll of fear
 G - a scroll of acquirement {unknown}
Potions
 e - 2 potions of curing
 k - a potion of berserk rage
 m - a potion of invisibility
 p - 4 potions of resistance
 s - 2 potions of might
 u - a potion of cancellation {unknown}
 x - a potion of lignification
 z - 2 potions of haste
 D - 2 potions of attraction
 F - a potion of heal wounds {unknown}


   Skills:
 + Level 5.1 Fighting
 + Level 8.3 Long Blades
 + Level 2.0 Throwing
 + Level 3.7 Armour
 + Level 5.9 Dodging
 + Level 3.4 Stealth
 * Level 5.5 Spellcasting
 * Level 6.5 Conjurations
 + Level 0.3 Hexes
 + Level 1.1 Summonings
 + Level 0.4 Translocations
 * Level 3.0 Invocations


You had 13 spell levels left.
You knew the following spells:

 Your Spells              Type           Power        Failure   Level
a - Magic Dart            Conj           ###.         1%          1
b - Blink                 Tloc           N/A          26%         2
c - Call Imp              Summ           #.......     21%         2
d - Slow                  Hex            #.......     28%         2

Your spell library contained the following spells:

 Spells                   Type           Power        Failure   Level
 Summon Small Mammal      Summ           #...         14%         1
 Conjure Flame            Conj/Fire      #.......     17%         3
 Mephitic Cloud           Conj/Pois/Air  #.......     26%         3
 Call Canine Familiar     Summ           #.......     38%         3
 Summon Guardian Golem    Hex/Summ       #.......     43%         3
 Gell's Gravitas          Tloc           #.........   47%         3
 Confusing Touch          Hex            #.......     50%         3
 Summon Ice Beast         Ice/Summ       #.......     86%         4
 Summon Lightning Spire   Summ/Air       #.......     86%         4
 Petrify                  Tmut/Erth      #.......     91%         4
 Metabolic Englaciation   Hex/Ice        #.........   99%         5
 Yara's Violent Unravell  Hex/Tmut       #.........   99%         5


Dungeon Overview and Level Annotations

Branches:
Dungeon (10/15)            Temple (1/1) D:6            Lair (0/6) D:10
  Sewer (visited)
    Orc: D:9-12

Altars:
Ashenzari
Cheibriados
Dithmenos
Elyvilon
Fedhas
Gozag
Hepliaklqana
Kikubaaqudgha
Makhleb
Nemelex Xobeh
Okawaru
Qazlal
Ru
Sif Muna
Trog
Uskayaw
Vehumet
Wu Jian
Xom
Yredelemnul
Zin
The Shining One


Innate Abilities, Weirdness & Mutations

You have razor-sharp toenails.
You are completely covered in icy blue scales. (AC +4, rC+)
A weak demonic guardian rushes to your aid.
When hurt, damage is shared between your health and your magic reserves.


Message History

The death yak is almost dead.
The death yak gores you!
* * * LOW HITPOINT WARNING * * *
You hit the death yak but do no damage.
The death yak is almost dead.
The death yak gores you.
* * * LOW HITPOINT WARNING * * *
You hit the death yak but do no damage.
The death yak is almost dead.
The death yak gores you but does no damage.
The death yak gores your quasit.
Your quasit bites the death yak.
Your quasit claws the death yak but does no damage. x2
The death yak misses your quasit.
You swap places.
The death yak gores you!
* * * LOW HITPOINT WARNING * * *
You barely miss the death yak.
The death yak is almost dead.
The death yak gores you!!
You die...

.....#...###.#...# #.#.........#
####.#.....#.#..(# #.#.........#
###.#.......#.#>####.#.........#
#.......#.###.#.##.............#
#............<#.##.##..........#
#...†########.#.##.#...........#
#.............#.##.#...#########
#....##########Y##.#....# #....#
#@##.#....# #....# #5........#
#....# ####.#..#.# #....#
#.#..#.# #....# #.#..#.# ######
#.#..#.# #.#..#.# #.#..#.#
#.#..#.########


You could see a death yak and a friendly quasit (summoned).

Vanquished Creatures
  A two-headed ogre (D:8)
  Pikel (D:7)
  Sigmund (D:3)
  A spriggan (D:7)
  6 yaks (D:9)
  Duvessa (D:6)
  A water moccasin (Sewer)
  2 ice beasts
  An orc warrior (D:8)
  2 sky beasts
  A black bear (D:7)
  A phantom (D:7)
  2 ogres (D:6)
  A centaur (D:8)
  4 bullfrogs
  A wyvern zombie (D:6)
  3 scorpions
  Dowan (D:6)
  3 killer bees (D:9)
  2 howler monkeys (D:5)
  2 centaur zombies (D:6)
  A bullfrog skeleton (D:8)
  3 orc priests
  3 orc wizards
  3 hounds
  A jelly (D:4)
  A centaur skeleton (D:8)
  2 iguanas
  9 worker ants
  2 killer bee zombies (D:6)
  5 hound zombies
  A howler monkey zombie (D:6)
  4 worker ant zombies
  8 adders
  3 gnolls (D:4)
  2 river rats (D:5)
  A shadow imp (D:9)
  2 white imps (D:5)
  3 oozes
  5 adder skeletons
  2 adder zombies
  3 worms
  4 leopard geckos
  21 orcs
  10 bats
  3 giant cockroaches (D:5)
  4 goblins
  9 hobgoblins
  15 jackals
  A quokka (D:2)
  A ball python (D:2)
  4 frilled lizards
  A giant cockroach zombie (D:6)
  2 jackal skeletons
  A jackal zombie (D:6)
  11 kobolds
  A leopard gecko zombie (D:6)
  A quokka skeleton (D:4)
  A quokka zombie (D:6)
  8 rats
200 creatures vanquished.

Vanquished Creatures (collateral kills)
  A two-headed ogre (D:9)
  A steam dragon (D:8)
  2 phantoms
  2 ogres
  A worker ant zombie (D:6)
  An adder skeleton (D:7)
  An orc (D:5)
  A quokka (D:6)
  A quokka skeleton (D:6)
11 creatures vanquished.

Grand Total: 211 creatures vanquished

Notes
Turn   | Place    | Note
-------+----------+-------------------------------------------
     0 | D:1      | Meejax the Demonspawn Gladiator began the quest for the
                  | Orb.
     0 | D:1      | Reached XP level 1. HP: 16/16 MP: 1/1
   224 | D:1      | Gained mutation: You are partially covered in icy blue
                  | scales. (AC +2) [demonic ancestry]
   224 | D:1      | Reached XP level 2. HP: 10/22 MP: 2/2
   413 | D:1      | Reached skill level 3 in Long Blades
  1005 | D:2      | Gained mutation: You have sharp toenails. [demonic
                  | ancestry]
  1005 | D:2      | Reached XP level 3. HP: 27/27 MP: 3/3
  1246 | D:2      | Found a hide-covered altar of Uskayaw.
  1509 | D:2      | Gained mutation: You have razor-sharp toenails. [demonic
                  | ancestry]
  1509 | D:2      | Reached XP level 4. HP: 27/33 MP: 4/4
  1949 | D:3      | Learned a level 1 spell: Magic Dart
  2588 | D:3      | Noticed Sigmund
  2598 | D:3      | Killed Sigmund
  2599 | D:3      | Reached skill level 4 in Long Blades
  2599 | D:3      | Reached skill level 1 in Armour
  2599 | D:3      | Reached skill level 1 in Stealth
  2599 | D:3      | Reached skill level 1 in Spellcasting
  2599 | D:3      | Reached skill level 1 in Conjurations
  2599 | D:3      | Gained mutation: You are mostly covered in icy blue scales.
                  | (AC +3) [demonic ancestry]
  2599 | D:3      | Reached XP level 5. HP: 20/39 MP: 4/6
  2599 | D:3      | Gained mutation: A weak demonic guardian rushes to your
                  | aid. [demonic ancestry]
  2599 | D:3      | Reached XP level 6. HP: 24/46 MP: 4/7
  3388 | D:4      | Found an opulent altar of Gozag.
  3891 | D:5      | Entered Level 5 of the Dungeon
  3960 | D:5      | Found a glowing drain.
  3981 | Sewer    | Entered a sewer
  4055 | Sewer    | Noticed a water moccasin
  4062 | Sewer    | Killed a water moccasin
  4063 | Sewer    | Gained mutation: When hurt, damage is shared between your
                  | health and your magic reserves. [demonic ancestry]
  4063 | Sewer    | Reached XP level 7. HP: 43/51 MP: 9/9
  4268 | D:5      | Learned a level 2 spell: Blink
  4312 | D:5      | Reached skill level 5 in Long Blades
  4856 | D:6      | Noticed Dowan
  4861 | D:6      | Noticed Duvessa
  4868 | D:6      | Killed Dowan
  4869 | D:6      | Reached XP level 8. HP: 58/58 MP: 11/11
  4875 | D:6      | Killed Duvessa
  5236 | D:6      | Found a blossoming altar of Fedhas.
  5366 | D:6      | Found a staircase to the Ecumenical Temple.
  5375 | Temple   | Entered the Ecumenical Temple
  5528 | Temple   | Became a worshipper of Sif Muna the Loreminder
  5766 | D:6      | Reached skill level 6 in Long Blades
  5804 | D:6      | Learned a level 2 spell: Call Imp
  6271 | D:7      | Noticed Pikel
  6289 | D:7      | Killed Pikel
  6290 | D:7      | Reached XP level 9. HP: 43/65 MP: 11/14
  6524 | D:7      | Reached skill level 5 in Conjurations
  6798 | D:7      | Reached skill level 7 in Long Blades
  6964 | D:7      | Reached skill level 5 in Dodging
  7042 | D:7      | Reached * piety under Sif Muna
  7423 | D:7      | Found a snail-covered altar of Cheibriados.
  7429 | D:7      | Found a glowing golden altar of the Shining One.
  7878 | D:8      | Noticed a two-headed ogre
  7893 | D:8      | Killed a two-headed ogre
  7894 | D:8      | Gained mutation: You are completely covered in icy blue
                  | scales. (AC +4, rC+) [demonic ancestry]
  7894 | D:8      | Reached XP level 10. HP: 61/73 MP: 14/17
  7970 | D:8      | Learned a level 2 spell: Slow
  8417 | D:8      | Found a shadowy altar of Dithmenos.
  8690 | D:9      | Noticed a two-headed ogre
  8704 | D:9      | Killed a two-headed ogre
  8705 | D:9      | Reached skill level 5 in Fighting
  8705 | D:9      | Reached skill level 8 in Long Blades
  8705 | D:9      | Reached skill level 5 in Spellcasting
  8705 | D:9      | Reached skill level 1 in Summonings
  8705 | D:9      | Reached skill level 1 in Invocations
  9307 | D:9      | Reached ** piety under Sif Muna
  9672 | D:10     | Entered Level 10 of the Dungeon
  9686 | D:10     | Found a staircase to the Lair.
  9687 | D:10     | Noticed a death yak
  9687 | D:10     | Noticed a death yak
  9688 | D:10     | Noticed a death yak
  9688 | D:10     | Noticed a death yak
  9688 | D:10     | Noticed a death yak
  9688 | D:10     | Noticed a death yak
  9688 | D:10     | Noticed a death yak
  9748 | D:9      | Slain by a death yak

Illustrated notes

Levels and vault maps discovered:
D:1:      matt_arrival_spirals, layout_basic, minmay_tetromino_l2
D:2:      layout_loops_ring, lemuel_round_altar, chequers_avenue
D:3:      layout_loops_corners, uniq_sigmund
D:4:      layout_loops_ring, lemuel_doored_altar
D:5:      layout_rooms, gup_sewer_entry_bubbles
D:6:      layout_gridville, kennysheep_mini_moat, minmay_temple_entry_slanted,
          serial_undead, serial_undead_f, serial_undead_f, serial_undead_c,
          serial_undead_a, serial_undead_f, serial_undead_f, uniq_duvessa
D:7:      layout_cave_pools, amethyst_overflow_temple_binary, st_stairs_4,
          kennysheep_decorative_pillar, the_bakery, uniq_pikel
D:8:      layout_basic, kennysheep_little_box, hex_tiny,
          hangedman_abyss_or_decor_stabs
D:9:      layout_basic
D:10:     layout_loops_corners, dpeg_lair_monsters
Temple:   eino_temple_rhombus

Skill      XL: |  1  2  3  4  5  6  7  8  9 10 |
---------------+-------------------------------+-----
Dodging        | 3 4 5 |  5.9
Long Blades    | 3 4 5 6 7 8 |  8.3
Throwing       | 2 |  2.0
Armour         | 1 2 3 |  3.7
Stealth        | 1 2 3 |  3.4
Spellcasting   | 1 2 3 4 5 |  5.5
Conjurations   | 1 2 3 4 5 6 |  6.5
Fighting       | 3 4 5 |  5.1
Summonings     | 1 |  1.1
Invocations    | 3 |  3.0
Hexes          | |  0.3
Translocations | |  0.4

Action                   |  1- 3 |  4- 6 |  7- 9 | 10-12 || total
-------------------------+-------+-------+-------+-------++-------
Melee: Long sword        |    91 |   139 |   332 |   186 ||   748
       Kick              |    16 |    34 |   151 |    65 ||   266
Throw: Throwing net      |       |     1 |     2 |     1 ||     4
       Javelin           |       |       |       |     1 ||     1
 Cast: Magic Dart        |       |     7 |    14 |       ||    21
       Call Imp          |       |       |     3 |     3 ||     6
       Blink             |       |       |     2 |       ||     2
       Slow              |       |       |       |     2 ||     2
  Use: Scroll            |       |    15 |     8 |       ||    23
       Potion            |       |       |     3 |       ||     3
 Stab: Sleeping          |       |     3 |     1 |     2 ||     6
       Distracted        |       |       |     2 |       ||     2
Armor: Leather armour    |    20 |    49 |   137 |       ||   206
       Steam dragon scal |       |       |    11 |    54 ||    65
Dodge: Dodged            |    91 |   114 |   295 |   126 ||   626
       Rpst.: Long sword |    34 |    41 |   102 |    45 ||   222

Table legend: (Time is in decaauts)
 A = Elapsed time spent in this place.
 B = Non-inter-level travel time spent in this place.
 C = Inter-level travel time spent in this place.
 D = Time resting spent in this place.
 E = Time spent auto-exploring this place.
 F = Levels seen in this place.
 G = Mean time per level.
                   A        B        C        D        E       F      G
               +--------+--------+--------+--------+--------+-----+--------+
         Total |   9896 |   9571 |    325 |    240 |   7597 |  12 |  824.7 |
       Dungeon |   9539 |   9296 |    243 |    240 |   7362 |  10 |  953.9 |
        Temple |    177 |     95 |     82 |      0 |     84 |   1 |  177.0 |
         Sewer |    179 |    179 |      0 |      0 |    151 |   1 |  179.0 |
               +--------+--------+--------+--------+--------+-----+--------+

Top non-repeatable levels by time:
     D:6: 1563 daAuts
     D:3: 1391 daAuts
     D:7: 1187 daAuts
     D:8: 1146 daAuts
     D:9: 1072 daAuts
     D:1: 1014 daAuts
     D:2: 825 daAuts
     D:4: 705 daAuts
     D:5: 602 daAuts
   Sewer: 179 daAuts
  Temple: 177 daAuts
    D:10: 30 daAuts
